 Dungeon Crawl Stone Soup version 0.16-a0-3544-gf6bfca6 (webtiles) character file.

77 Gronka the Covered (level 4, 0/40 HPs)
             Began as a Minotaur Fighter on Jan 9, 2015.
             Slain by Gronka's ghost (5 damage)
             ... on level 3 of the Dungeon.
             The game lasted 00:02:48 (1495 turns).

Gronka the Covered (Minotaur Fighter)               Turns: 1495, Time: 00:02:48

Health: 0/40       AC:  7    Str: 20    XL:     4   Next: 13%
Magic:  2/2        EV:  8    Int:  6    God:
Gold:   107        SH:  9    Dex: 10    Spells: 0 memorised, 3 levels left

rFire  . . .     SeeInvis .     a - +0 trident
rCold  . . .     Clarity  .     b - +0 scale mail
rNeg   . . .     SustAb   .     c - +0 shield
rPois  .         Gourm    .     (helmet restricted)
rElec  .         Spirit   .     (no cloak)
rCorr  .         Warding  .     (no gloves)
rMut   .         Stasis   .     (no boots)
MR     .....                    (no amulet)
Stlth  ..........               (no ring)
                                (no ring)

@: not resistant to hostile enchantments, extremely unstealthy
A: retaliatory headbutt, horns 2
a: no special abilities


You were on level 3 of the Dungeon.
You were not hungry.

You visited 1 branch of the dungeon, and saw 3 of its levels.

You collected 107 gold pieces.

Inventory:

Hand weapons
 a - a +0 trident (weapon)
Armour
 b - a +0 scale mail (worn)
 c - a +0 shield (worn)
Jewellery
 f - an uncursed ring of sustain abilities {unknown}
 r - an uncursed amulet of stasis {unknown}
Scrolls
 g - 2 scrolls of identify {unknown}
 h - a scroll of enchant weapon {unknown}
 j - a scroll of recharging {unknown}
 q - a scroll of remove curse {unknown}
Potions
 d - a potion of cure mutation {unknown}
 e - 3 potions of might
 i - a potion of mutation {unknown}
 k - 3 potions of curing {unknown}
 l - a potion of cancellation {unknown}
 m - a potion of poison {unknown}
 n - a potion of heal wounds {unknown}
 o - a potion of haste {unknown}
 s - 3 potions of brilliance {unknown}
Comestibles
 p - 2 slices of pizza


   Skills:
 + Level 4.1 Fighting
 + Level 2.9 Polearms
 + Level 4.5 Armour
 + Level 1.0 Dodging
 + Level 4.3 Shields


You had 3 spell levels left.
You didn't know any spells.

Dungeon Overview and Level Annotations

Branches:
Dungeon (3/15)

Altars:

Annotations:
D:3 Gronka's ghost, average MiFi


Innate Abilities, Weirdness & Mutations

You reflexively headbutt those who attack you in melee.
You have a pair of horns on your head.


Message History

You completely miss Gronka's ghost. Your headbutt misses Gronka's ghost.
Gronka's ghost is moderately damaged.
Gronka's ghost says, "You will join me soon!"
Gronka's ghost hits you.
* * * LOW HITPOINT WARNING * * *
You hit Gronka's ghost but do no damage.
Gronka's ghost is lightly damaged.
You block Gronka's ghost's attack.
You hit Gronka's ghost but do no damage.
Gronka's ghost is lightly damaged.
Gronka's ghost hits you but does no damage.
Your shield and scale mail prevent you from hitting Gronka's ghost.
Gronka's ghost is lightly damaged.
Gronka's ghost hits you.
* * * LOW HITPOINT WARNING * * *
You hit Gronka's ghost but do no damage.
You headbutt Gronka's ghost, but do no damage.
Gronka's ghost is lightly damaged.
You block Gronka's ghost's attack. Gronka's ghost hits you.
You die...

##### # #...#
...###.###...#
...'......W@.+
...#######...# ..
#...### .. #.....# ..
#######...#.#
#.#######.........#.#
.................## #
................##
..............[.#


You could see Gronka's ghost.

Vanquished Creatures
  3 adders (D:2)
  2 oozes
  A ball python (D:1)
  3 giant cockroaches (D:1)
  6 goblins
  5 hobgoblins
  A giant gecko (D:2)
  2 giant newts (D:2)
  6 jackals
  7 kobolds
  9 rats
45 creatures vanquished.

Notes
Turn   | Place    | Note
--------------------------------------------------------------
     0 | D:1      | Gronka, the Minotaur Fighter, began the quest for the Orb.
     0 | D:1      | Reached XP level 1. HP: 19/19 MP: 1/1
    84 | D:1      | Reached XP level 2. HP: 22/27 MP: 1/1
    97 | D:1      | Reached skill level 4 in Shields
   516 | D:1      | Reached XP level 3. HP: 33/33 MP: 2/2
   934 | D:2      | Reached XP level 4. HP: 23/40 MP: 2/2
   941 | D:2      | Reached skill level 1 in Dodging
  1469 | D:3      | Noticed Gronka's ghost (average MiFi)
  1495 | D:3      | Slain by Gronka's ghost

Action                   |  1- 3 |  4- 6 || total
-------------------------+-------+-------++-------
Melee: Trident           |   123 |    38 ||   161
  Eat: Bread ration      |       |     1 ||     1
